 Dungeon Crawl Stone Soup version 0.29-a0-775-g4d7333d4e2 (webtiles) character file.

Game seed: 8800685429983253060

1 zeratav the Shield-Bearer (level 1, -1/22 HPs)
             Began as a Troll Fighter on July 1, 2022.
             Slain by a jackal (2 damage)
             ... on level 1 of the Dungeon.
             The game lasted 00:00:10 (27 turns).

zeratav the Shield-Bearer (Troll Fighter)             Turns: 27, Time: 00:00:10

Health: -1/22      AC:  4    Str: 23    XL:     1   Next: 16%
Magic:  0/0        EV:  8    Int:  4    God:
Gold:   0          SH:  7    Dex:  9    Spells: 0/0 levels left

rFire   . . .      SeeInvis .     - Unarmed
rCold   . . .      Faith    .   b - +0 kite shield
rNeg    . . .      Spirit   .   a - +0 robe
rPois   .          Reflect  .   (helmet restricted)
rElec   .          Harm     .   (no cloak)
rCorr   .          Rampage  .   (gloves unavailable)
Will    .....                   (boots unavailable)
Stlth   +.........              (no amulet)
HPRegen 0.87/turn               (no ring)
MPRegen 0.07/turn               (no ring)

@: no status effects
A: large, unfitting armour, claws 3, regeneration 1, shaggy fur 1, tough skin 1
a: no special abilities


You were on level 1 of the Dungeon.
You visited 1 branch of the dungeon, and saw 1 of its levels.


Innate Abilities, Weirdness & Mutations

You are too large for most types of armour.
You have claws for hands.
Your natural rate of healing is unusually fast.
You are covered in fur. (AC +1)
You have tough skin. (AC +1)


   Skills:
 - Level 2.4 Fighting
 - Level 2.4 Dodging
 - Level 2.6 Shields
 + Level 2.1 Unarmed Combat


You couldn't memorise any spells.
You didn't know any spells.
Your spell library was empty.

Inventory:

Armour
 a - a +0 robe (worn)
 b - a +0 kite shield (worn)
Potions
 c - a potion of might

Dungeon Overview and Level Annotations

Branches:
Dungeon (1/15) Zot: 5970

Altars:

########
#<..#.>#
#.....#
##...## #....#
#....##
##@h..#
###Sh###
#$.r.b#
##...## #....#
##....#
.........
.............
.##..........#


You could see 2 jackals, a bat, a ball python and a rat.


Message History

The kobold closely misses you.
HP[+1]
Your hp is fully restored (22).
You barely miss the jackal. The jackal barely misses you.
You block the jackal's attack. The bat hits you.
The kobold hits you with a +0 whip. The jackal bites you.
HP[-8]
You take 8 damage, and now have 14/22 hp.
MASSIVE DAMAGE!! (PAUSE)
You closely miss the jackal. The bat barely misses you.
The bat hits you but does no damage. The jackal closely misses you.
The kobold hits you with a +0 whip. You block the jackal's attack. x2
The bat hits you but does no damage.
HP[-2]
You take 2 damage, and now have 12/22 hp.
You barely miss the jackal. You block the bat's attack.
The bat barely misses you. The jackal misses you. The jackal barely misses you.
The kobold hits you with a +0 whip.
* * * LOW HITPOINT WARNING * * *
The jackal closely misses you.
You are too injured to fight recklessly!
You are too injured to fight recklessly!
HP[-2]
You take 2 damage, and now have 10/22 hp.
You are too injured to fight recklessly!
You are too injured to fight recklessly!
You are too injured to fight recklessly!
You are too injured to fight recklessly!
You are too injured to fight recklessly!
You are too injured to fight recklessly!
You are too injured to fight recklessly!
You are too injured to fight recklessly!
You are too injured to fight recklessly!
You are too injured to fight recklessly!
You are too injured to fight recklessly!
You are too injured to fight recklessly!
You are too injured to fight recklessly!
You are too injured to fight recklessly!
You are too injured to fight recklessly!
The bat attacks as you move away! The bat hits you.
* * * LOW HITPOINT WARNING * * *
The bat hits you but does no damage. The jackal barely misses you.
The bat hits you but does no damage. The jackal barely misses you.
The bat hits you but does no damage.
HP[+1]
The bat barely misses you.
HP[+1]
The jackal attacks as you move away! The jackal bites you.
* * * LOW HITPOINT WARNING * * *
You block the bat's attack.
You closely miss the bat. The bat hits you but does no damage.
The kobold hits you with a +0 whip.
* * * LOW HITPOINT WARNING * * *
You block the jackal's attack.
HP[-3]
You take 3 damage, and now have 9/22 hp.
The bat barely misses you. The kobold hits you with a +0 whip.
* * * LOW HITPOINT WARNING * * *
The bat hits you.
* * * LOW HITPOINT WARNING * * *
The jackal bites you.
* * * LOW HITPOINT WARNING * * *
HP[-5]
You take 5 damage, and now have 4/22 hp.
MASSIVE DAMAGE!! (PAUSE)
You barely miss the kobold. You block the bat's attack.
The kobold barely misses you. The jackal bites you.
* * * LOW HITPOINT WARNING * * *
The kobold closely misses you.
The jackal bites you but does no damage.
You miss the kobold. The bat barely misses you.
The kobold hits you with a +0 whip.
* * * LOW HITPOINT WARNING * * *
HP[-2]
You take 2 damage, and now have 2/22 hp.
You claw the kobold!
You kill the kobold!
The jackal bites you but does no damage.
You block the bat's attack.
The jackal bites you but does no damage.
The jackal bites you.
* * * LOW HITPOINT WARNING * * *
You closely miss the jackal. The bat barely misses you.
The jackal bites you but does no damage.
The jackal bites you.
* * * LOW HITPOINT WARNING * * *
HP[-1]
You take 1 damage, and now have 1/22 hp.
You closely miss the jackal. You block the jackal's attack.
The jackal bites you but does no damage. x2
You block the jackal's attack.
The jackal bites you but does no damage.
You block the jackal's attack.
HP[+1]
You scratch the jackal.
You kill the jackal!
The bat closely misses you. The jackal bites you.
* * * LOW HITPOINT WARNING * * *
The jackal barely misses you. The jackal bites you.
You die...

Action                   || total
-------------------------++-------
Melee: Unarmed           ||    14
Armor: Robe              ||    15
Dodge: Dodged            ||    22
Block: Kite shield       ||    13

Levels and vault maps discovered:
D:1:      minmay_arrival_jagged, layout_rooms

Notes
Turn   | Place    | Note
-------+----------+-------------------------------------------
     0 | D:1      | zeratav the Troll Fighter began the quest for the Orb.
     0 | D:1      | Reached XP level 1. HP: 22/22 MP: 0/0
     0 | D:1      | magus.rc [v1.9.6]
    21 | D:1      | HP: 5/22 [bat (1)]
    23 | D:1      | HP: 2/22 [kobold/+0 whip (3)]
    27 | D:1      | Slain by a jackal

Vanquished Creatures
  A jackal (D:1)
  A kobold (D:1)
2 creatures vanquished.

Table legend:
 A = Non-vault XP
 B = Vault XP
 C = Vault XP percentage of total XP
 D = Non-vault monster count
 E = Vault monster count
 F = Vault count percentage of total count
                 A         B        C        D         E       F
            +---------+---------+-------+---------+---------+-------
      Total |       4 |       0 |   0.0 |       2 |       0 |   0.0
            +---------+---------+-------+---------+---------+-------
        D:1 |       4 |       0 |   0.0 |       2 |       0 |   0.0
            +---------+---------+-------+---------+---------+-------

Illustrated notes

Table legend:
 A = Kills in this place as a percentage of kills in entire the game.
 B = Kills by you in this place as a percentage of kills by you in the entire game.
 C = Kills by friends in this place as a percentage of kills by friends in the entire game.
 D = Other kills in this place as a percentage of other kills in the entire game.
 E = Experience gained in this place as a percentage of experience gained in the entire game.
 F = Experience gained in this place divided by the number of levels of this place that you have seen.
                   A       B       C       D       E      F
               +-------+-------+-------+-------+-------+----------------------
         Total | 100.0 | 100.0 |   N/A |   N/A | 100.0 |   4.0
       Dungeon | 100.0 | 100.0 |   N/A |   N/A | 100.0 |   4.0
               +-------+-------+-------+-------+-------+----------------------

Table legend: (Time is in decaauts)
 A = Elapsed time spent in this place.
 B = Non-inter-level travel time spent in this place.
 C = Inter-level travel time spent in this place.
 D = Time resting spent in this place.
 E = Time spent auto-exploring this place.
 F = Levels seen in this place.
 G = Mean time per level.
                   A        B        C        D        E       F      G
               +--------+--------+--------+--------+--------+-----+--------+
         Total |     28 |     28 |      0 |      0 |      6 |   1 |   28.0 |
       Dungeon |     28 |     28 |      0 |      0 |      6 |   1 |   28.0 |
               +--------+--------+--------+--------+--------+-----+--------+

Top non-repeatable levels by time:
     D:1: 28 daAuts
